 Dungeon Crawl Stone Soup version 0.31.0-11-ge490571c62 (webtiles) character file.

Game seed: 3130518006347104527

762 qw the Shooter (level 7, -2/35 HPs)
             Began as a Spriggan Hunter on Feb 3, 2024.
             Slain by a wight
             ... wielding a +0 battleaxe
              (15 damage)
             ... on level 7 of the Dungeon.
             The game lasted 00:00:10 (2858 turns).

qw the Shooter (Spriggan Hunter)                    Turns: 2858, Time: 00:00:10

Health: -2/35      AC:  2    Str:  7    XL:     7   Next: 51%
Magic:  8/8        EV: 22    Int: 10    God:
Gold:   147        SH:  0    Dex: 21    Spells: 6/6 levels left

rFire   . . .        a - +1 shortbow
rCold   . . .        (shield currently unavailable)
rNeg    . . .        c - +0 robe
rPois   .            (helmet restricted)
rElec   .            (no cloak)
rCorr   .            (gloves unavailable)
SInv    +            (boots unavailable)
Will    +....        (no amulet)
Stlth   ++           (no ring)
HPRegen 0.25/turn    (no ring)
MPRegen 0.11/turn

%: no passive effects
@: very quick
A: very small, no large weapons, unfitting armour, see invisible, speed 3
a: no special abilities


You were on level 7 of the Dungeon.
You visited 1 branch of the dungeon, and saw 5 of its levels.

You collected 147 gold pieces.


Innate Abilities, Weirdness & Mutations

You are very small and have problems with some larger weapons.
You are too small for most types of armour.
You have supernaturally acute eyesight. (SInv)
You cover ground extremely quickly. (Speed+++)


   Skills:
 - Level 2.0 Fighting
 + Level 7.6 Ranged Weapons
 - Level 7.1 Dodging
 - Level 1.5 Stealth


You had 6 spell levels left.
You didn't know any spells.
Your spell library was empty.

Inventory:

Hand Weapons
 a - a +1 shortbow (weapon)
Armour
 c - a +0 robe (worn)
Jewellery
 k - a ring of ice
Scrolls
 b - 3 scrolls of teleportation
 e - a scroll of identify {unknown}
Potions
 d - a potion of mutation {unknown}
 f - a potion of degeneration {unknown}

Dungeon Overview and Level Annotations

Branches:
Dungeon (4/15)
 Temple: D:4-7

Altars:
Gozag
Trog
Wu Jian


Message History

The wight hits you with a +0 dagger!
You feel drained.
2834 ||| READING 4 scrolls of teleportation.
As you read the scroll of teleportation, it crumbles to dust.
You feel strangely unstable. The wight barely misses you.
You shoot an arrow. The arrow hits the wight!
You destroy the wight!
You shoot an arrow. The arrow hits the wight.
The wight is lightly damaged.
The wight completely misses you.
You shoot an arrow.
The arrow hits the wight but does no damage.
The wight is lightly damaged.
The wight completely misses you.
You shoot an arrow.
The arrow hits the wight but does no damage.
The wight is lightly damaged.
Your surroundings suddenly seem different.
You start resting.
A wight is nearby!
You shoot an arrow. The arrow hits the wight.
The wight is moderately damaged.
You shoot an arrow. The arrow hits the wight.
The wight is heavily damaged.
You shoot an arrow. The arrow barely misses the wight.
You shoot an arrow. The arrow hits the wight.
The wight is heavily damaged.
You shoot an arrow.
The arrow hits the wight but does no damage.
The wight is heavily damaged.
You shoot an arrow. The arrow hits the wight.
The wight is almost destroyed.
The wight misses you.
You shoot an arrow. The arrow hits the wight!
You destroy the wight!
Your life force feels restored.
You shoot an arrow. The arrow closely misses the wight.
You shoot an arrow. The arrow barely misses the wight.
The wight hits you with a +0 battleaxe!
You die...

#............#.#
#..........##..#
#..........##.##
####..###..##.#
####....# #.....#
......#.####....##
................##
........).##z....#
........)))#@.##.#
.............###.##
............## #..#
............# ##.#
............# #.#
...........# #.#
.........## #.#
..#.....## #.#
#..... #.#


You could see a wight.

Vanquished Creatures
  Menkaure (D:4)
  An ogre (D:4)
  A bullfrog (D:7)
  2 scorpions (D:4)
  3 wights (D:7)
  A bombardier beetle (D:3)
  A hound (D:4)
  2 orc wizards (D:7)
  4 adders
  3 dart slugs (D:1)
  3 orcs
  7 bats
  10 endoplasms
  4 giant cockroaches (D:1)
  5 goblins
  4 hobgoblins
  6 jackals
  2 quokkas
  8 ball pythons
  3 frilled lizards
  2 kobolds (D:1)
  3 rats
76 creatures vanquished.

Notes
Turn   | Place    | Note
-------+----------+-------------------------------------------
     0 | D:1      | qw the Spriggan Hunter began the quest for the Orb.
     0 | D:1      | Reached XP level 1. HP: 10/10 MP: 2/2
     0 | D:1      | 0 ||| qw: Version: 0.3-a-157-g843a77d
     0 | D:1      | 0 ||| qw: Game counter: 3616
     0 | D:1      | 0 ||| qw: Melee chars always use a shield: true
     0 | D:1      | 0 ||| qw: God list: Okawaru
     0 | D:1      | 0 ||| qw: Allow faded altars: false
     0 | D:1      | 0 ||| qw: Do Orc after clearing Dungeon:15 true
     0 | D:1      | 0 ||| qw: Do second Lair branch before Depths: true
     0 | D:1      | 0 ||| qw: Lair rune preference: random
     0 | D:1      | 0 ||| qw: Goals: Normal
     0 | D:1      | 0 ||| PLANNING D:1-11
    70 | D:1      | Reached skill level 3 in Dodging
   176 | D:1      | Reached XP level 2. HP: 14/14 MP: 3/3
   342 | D:1      | Reached XP level 3. HP: 18/18 MP: 4/4
   681 | D:1      | 681 ||| DROPPING ring of flight.
   682 | D:1      | 682 ||| READING scroll labelled BIOSMA TIFIUL.
   683 | D:1      | 683 ||| READING scroll labelled VAWUSSE FUGU.
   684 | D:1      | 684 ||| READING scroll labelled ZUHENY ECIO.
   684 | D:1      | 684 ||| ENCHANTING +0 shortbow.
   685 | D:1      | 685 ||| READING scroll labelled MIYQUBRIWAN.
   686 | D:1      | 686 ||| READING scroll labelled OGADUO URUAS.
   687 | D:1      | 687 ||| READING scroll labelled FEDAOCZ JUTU.
   692 | D:1      | 692 ||| DROPPING scroll of butterflies.
   750 | D:2      | Found a faded altar of an unknown god.
   927 | D:2      | Reached XP level 4. HP: 20/22 MP: 5/5
  1188 | D:2      | 1188 ||| READING scroll labelled NOANOD SIFRI.
  1540 | D:3      | Found a bloodstained altar of Trog.
  1597 | D:3      | Found an ornate altar of the Wu Jian Council.
  2037 | D:3      | Reached XP level 5. HP: 26/26 MP: 6/6
  2210 | D:3      | 2210 ||| READING scroll labelled UCINWA IXYONUDERU.
  2257 | D:3      | 2257 ||| READING scroll labelled YLEREI TUKAFO.
  2363 | D:4      | Noticed an ogre
  2366 | D:4      | 2366 ||| RETREEEEATING.
  2367 | D:4      | 2367 ||| RETREEEEATING.
  2368 | D:4      | 2368 ||| RETREEEEATING.
  2369 | D:4      | 2369 ||| RETREEEEATING.
  2371 | D:4      | 2371 ||| RETREEEEATING.
  2380 | D:4      | Killed an ogre
  2381 | D:4      | Reached skill level 6 in Ranged Weapons
  2381 | D:4      | Reached XP level 6. HP: 15/30 MP: 7/7
  2497 | D:4      | Identified the +3 spear of the Mouth {drain, rElec Str-2
                  | Dex-4 SInv}
  2569 | D:4      | Noticed Menkaure
  2576 | D:4      | HP: 4/30 [Menkaure (13)]
  2577 | D:4      | 2577 ||| READING 5 scrolls of teleportation.
  2578 | D:4      | Killed Menkaure
  2582 | D:4      | 2582 ||| READING 4 scrolls of teleportation.
  2586 | D:4      | Found an opulent altar of Gozag.
  2705 | D:4      | You fall into a shaft and drop 3 floors!
  2725 | D:7      | Reached XP level 7. HP: 35/35 MP: 8/8
  2811 | D:7      | 2811 ||| RETREEEEATING.
  2812 | D:7      | 2812 ||| RETREEEEATING.
  2816 | D:7      | 2816 ||| RETREEEEATING.
  2818 | D:7      | 2818 ||| RETREEEEATING.
  2819 | D:7      | 2819 ||| RETREEEEATING.
  2820 | D:7      | 2820 ||| RETREEEEATING.
  2833 | D:7      | HP: 7/32 [wight/+0 dagger (4)]
  2834 | D:7      | 2834 ||| READING 4 scrolls of teleportation.
  2858 | D:7      | Slain by a wight

Levels and vault maps discovered:
D:1:      lightli_arrival_maybe_door_vault, layout_loops_ring
D:2:      layout_basic, shapermc_ecumenical_altar_venn, kennysheep_nub,
          st_stairs_14
D:3:      layout_loops_corners, mainiacjoe_overflow_concentric_impassable,
          marbit_many_paths
D:4:      layout_loops_ring, nicolae_gozag_seed_capital,
          minmay_temple_entry_poolview, uniq_menkaure
D:7:      layout_rooms, nicolae_overflow_crystal_walls, serial_shops,
          nicolae_shop_just_a_little_nook, nicolae_elevator_lobby_plus

Skill      XL: |  1  2  3  4  5  6  7 |
---------------+----------------------+-----
Dodging        | 3 4 5 7 |  7.1
Ranged Weapons | 5 6 7 |  7.6
Fighting       | 2 |  2.0
Stealth        | |  1.5

Action                     |  1- 3 |  4- 6 |  7- 9 || total
---------------------------+-------+-------+-------++-------
   Fire: Shortbow          |    89 |    99 |    47 ||   235
    Use: Scroll            |     6 |     5 |     1 ||    12
 Armour: Robe              |     9 |     3 |    10 ||    22
  Dodge: Dodged            |    18 |    33 |    24 ||    75

Table legend:
 A = Non-vault XP
 B = Vault XP
 C = Vault XP percentage of total XP
 D = Non-vault monster count
 E = Vault monster count
 F = Vault count percentage of total count
                 A         B        C        D         E       F
            +---------+---------+-------+---------+---------+-------
      Total |     911 |     178 |  16.3 |      73 |       3 |   3.9
            +---------+---------+-------+---------+---------+-------
        D:1 |      59 |       0 |   0.0 |      30 |       0 |   0.0
        D:2 |      39 |       2 |   4.9 |      10 |       1 |   9.1
        D:3 |      95 |       1 |   1.0 |      14 |       1 |   6.7
        D:4 |     341 |     175 |  33.9 |      11 |       1 |   8.3
        D:7 |     377 |       0 |   0.0 |       8 |       0 |   0.0
            +---------+---------+-------+---------+---------+-------
